 Dungeon Crawl Stone Soup version 0.29-a0-375-g5102b3be25 (webtiles) character file.

Game seed: 13477122576986088376

317 zeratav the Archer (level 6, 0/35 HPs)
             Began as a Tengu Hunter on May 3, 2022.
             Killed from afar by an orc wizard (14 damage)
             ... with a puff of flame
             ... on level 4 of the Dungeon.
             The game lasted 00:05:36 (2708 turns).

zeratav the Archer (Tengu Hunter)                   Turns: 2708, Time: 00:05:36

Health: 0/35       AC:  4    Str: 11    XL:     6   Next: 44%
Magic:  7/7        EV: 14    Int:  9    God:
Gold:   124        SH:  0    Dex: 20    Spells: 5/5 levels left

rFire   . . .      SeeInvis .   a - +1 shortbow {bow}
rCold   . . .      Faith    .   (shield currently unavailable)
rNeg    . . .      Spirit   .   b - +0 leather armour
rPois   .          Reflect  .   (helmet restricted)
rElec   .          Harm     .   (no cloak)
rCorr   .          Rampage  .   t - +0 pair of gloves
Will    .....                   (boots unavailable)
Stlth   +.........              (no amulet)
HPRegen 0.11/turn               (no ring)
MPRegen 0.10/turn               (no ring)

@: confused, flying quickly and evasively, quick
A: beak, talons 3, nimble flight
a: no special abilities


You were on level 4 of the Dungeon.
You visited 1 branch of the dungeon, and saw 4 of its levels.

You collected 135 gold pieces.
You spent 11 gold pieces at shops.


Innate Abilities, Weirdness & Mutations

You have a beak for a mouth.
You have claws for feet.
Your magical nature lets you fly swiftly and evasively.


   Skills:
 - Level 2.0 Fighting
 + Level 8.3 Bows
 - Level 2.1 Dodging
 - Level 1.0 Stealth


You had 5 spell levels left.
You didn't know any spells.
Your spell library was empty.

Inventory:

Hand Weapons
 a - a +1 shortbow (weapon) {bow}
Armour
 b - a +0 leather armour (worn)
 o - a +0 ring mail
   (You took it off an orc on level 3 of the Dungeon)
 s - a +0 leather armour
   (You took it off an orc on level 3 of the Dungeon)
 t - a +0 pair of gloves (worn)
   (You found it on level 3 of the Dungeon)
 u - a +0 robe
   (You found it on level 3 of the Dungeon)
 v - a +0 leather armour
   (You found it on level 3 of the Dungeon)
 w - a +0 robe
   (You took it off an orc wizard on level 4 of the Dungeon)
 x - a +0 leather armour
   (You took it off an orc priest on level 4 of the Dungeon)
 y - a +0 leather armour
   (You took it off an orc on level 4 of the Dungeon)
 z - a +0 leather armour
   (You took it off an orc on level 4 of the Dungeon)
Scrolls
 c - a scroll of immolation {!r!r}
 d - a scroll of fog {unknown}
 h - a scroll of identify {unknown}
 i - 2 scrolls of teleportation {unknown}
 l - a scroll of magic mapping {unknown}
 p - a scroll of poison {unknown}
 q - a scroll of blinking {unknown}
Potions
 e - 2 potions of lignification {unknown}
 f - 2 potions of heal wounds {unknown}
 g - 4 potions of haste {unknown}
 j - a potion of might {unknown}
 k - 2 potions of curing {unknown}
 m - a potion of brilliance {unknown}
 n - 3 potions of mutation {unknown}
 r - a potion of attraction {unknown}

Dungeon Overview and Level Annotations

Branches:
Dungeon (4/15)
 Temple: D:4-7

Altars:

Shops:
D:1 [*!=   D:3 [

Annotations:
D:2 1 runed translucent door, Crazy Yiuf
D:3 1 runed translucent door, SirDiesAlot's ghost, amateur SpEE .#....#.. ........ .o...### ..#..# ......# . #.#.####### ......#.. ##.......... oo......

#.......##### #.....#
).......##.. #.....#
#.......##.########.....#
#.......##......@o....#.#.
.................o.........
....###.###..#####.##......
....# #......# #........#
....# #<###.## #######..#
....# #.# #.. .# ... ...
### # #.. #..


You could see an orc wizard and an orc.


Message History

z - a +0 leather armour
Things that are here:
a +0 flail {mace}; an orc corpse
Found a stone staircase leading down.
HP[+1]
Found an escape hatch in the ceiling.
HP[+1]
An orc wizard comes into view. It is wielding a +0 dagger.
An orc and a goblin come into view.
The orc wizard shouts!
The goblin shouts!
You hear a shout!
An orc comes into view. It is wielding a +0 club.
The orc wizard gestures at you while chanting.
The magic dart hits you.
The orc shouts!
HP[-3]
You take 3 damage, and now have 23/35 hp.
You are too injured to fight recklessly!
Shoot: a) +1 shortbow {bow}
Press: ? - help, Q - select action Shift-Dir - straight line, f - goblin
Aim: a goblin, wielding a +0 club (62% to hit)
You shoot an arrow. The arrow closely misses the goblin.
The arrow hits the orc but does no damage.
An orc comes into view. It is wielding a +0 dagger.
HP[+1] Shoot: a) +1 shortbow {bow}
Press: ? - help, Q - select action Shift-Dir - straight line, f/p - goblin
Aim: a goblin, wielding a +0 club (62% to hit)
You shoot an arrow. The arrow hits the goblin.
Shoot: a) +1 shortbow {bow}
Press: ? - help, Q - select action Shift-Dir - straight line, f/p - goblin
Aim: a goblin, wielding a +0 club (moderately wounded, 62% to hit)
You shoot an arrow. The arrow misses the goblin.
The arrow barely misses the orc wizard.
The goblin hits you with a +0 club.
HP[-3]
You take 3 damage, and now have 21/35 hp.
Shoot: a) +1 shortbow {bow}
Press: ? - help, Q - select action Shift-Dir - straight line, f/p - goblin
Aim: a goblin, wielding a +0 club (moderately wounded, 62% to hit)
You shoot an arrow. The arrow barely misses the goblin.
The arrow hits the orc wizard.
The goblin hits you with a +0 club.
HP[-2]
You take 2 damage, and now have 19/35 hp.
Shoot: a) +1 shortbow {bow}
Press: ? - help, Q - select action Shift-Dir - straight line, f/p - goblin
Aim: a goblin, wielding a +0 club (moderately wounded, 62% to hit)
You shoot an arrow. The arrow barely misses the goblin.
The arrow hits the orc.
The goblin misses you.
Shoot: a) +1 shortbow {bow}
Press: ? - help, Q - select action Shift-Dir - straight line, f/p - goblin
Aim: a goblin, wielding a +0 club (moderately wounded, 62% to hit)
You shoot an arrow. The arrow completely misses the goblin.
The arrow barely misses the orc.
The arrow closely misses the orc.
The goblin barely misses you.
Shoot: a) +1 shortbow {bow}
Press: ? - help, Q - select action Shift-Dir - straight line, f/p - goblin
Aim: a goblin, wielding a +0 club (moderately wounded, 62% to hit)
You shoot an arrow. The arrow hits the goblin.
You kill the goblin!
The orc wizard closely misses you.
Shoot: a) +1 shortbow {bow}
Press: ? - help, Q - select action Shift-Dir - straight line, f - orc
Aim: an orc, wielding a +0 falchion (moderately wounded, 68% to hit)
You shoot an arrow. The arrow hits the orc.
The orc completely misses you.
The orc wizard hits you but does no damage.
Shoot: a) +1 shortbow {bow}
Press: ? - help, Q - select action Shift-Dir - straight line, f/p - orc
Aim: an orc, wielding a +0 falchion (heavily wounded, 68% to hit)
You shoot an arrow. The arrow hits the orc!
You kill the orc!
The orc wizard hits you with a +0 dagger.
The orc wizard points at you and mumbles some strange words.
You resist with some effort. The orc misses you.
Shoot: a) +1 shortbow {bow}
Press: ? - help, Q - select action Shift-Dir - straight line, f - orc
Aim: an orc, wielding a +0 dagger and wearing a +0 leather armour (68% to hit)
You shoot an arrow. The arrow hits the orc!
You kill the orc!
The orc wizard gestures at you while chanting.
The magic dart hits you.
HP[-1]
You take 1 damage, and now have 18/35 hp.
Shoot: a) +1 shortbow {bow}
Press: ? - help, Q - select action Shift-Dir - straight line, f - orc
Aim: an orc, wielding a +0 club and wearing a +0 leather armour (68% to hit)
You shoot an arrow. The arrow closely misses the orc.
The orc wizard gestures at you while chanting.
You are confused.
The orc hits you with a +0 club.
* * * LOW HITPOINT WARNING * * *
HP[-4]
You take 4 damage, and now have 14/35 hp.
Okay, then.
You bump into the rock wall.
The orc wizard casts a spell at you. The puff of flame hits you!
You die...

Skill      XL: |  1  2  3  4  5  6 |
---------------+-------------------+-----
Bows           | 5 6 7 8 |  8.3
Fighting       | |  2.0
Dodging        | |  2.1
Stealth        | |  1.0

Action                   |  1- 3 |  4- 6 || total
-------------------------+-------+-------++-------
 Fire: Shortbow          |    66 |    99 ||   165
Armor: Leather armour    |     1 |     3 ||     4
Dodge: Dodged            |    13 |    28 ||    41

Levels and vault maps discovered:
D:1:      grunt_arrival_lava_bath, layout_loops_ring, serial_shops,
          nicolae_square_shop, nicolae_shop_waterfront, shop, shop,
          dreamdust_ecumenical_altar_drowned_temple, minivault_27
D:2:      layout_loops_ring, st_stairs_9, uniq_natasha, uniq_crazy_yiuf_cottage
D:3:      layout_basic, ebering_ghost_sewer_d, serial_shops,
          nicolae_shop_waterfront
D:4:      layout_basic, cheibrodos_sewer_entry_sluice, minmay_manual_mares

Notes
Turn   | Place    | Note
-------+----------+-------------------------------------------
     0 | D:1      | zeratav the Tengu Hunter began the quest for the Orb.
     0 | D:1      | Reached XP level 1. HP: 12/12 MP: 2/2
     0 | D:1      | magus.rc [v1.9.6]
    43 | D:1      | Found Xousoyfe's Antique Armour Boutique.
    70 | D:1      | Found Xarosmeo's General Store.
    94 | D:1      | Found Uficvedd's Distillery.
   113 | D:1      | Reached XP level 2. HP: 17/17 MP: 3/3
   158 | D:1      | Bought a potion of degeneration for 11 gold pieces
   184 | D:1      | Reached skill level 5 in Bows
   326 | D:1      | Found a faded altar of an unknown god.
   419 | D:1      | Found Zicunki's Jewellery Emporium.
   637 | D:1      | Reached XP level 3. HP: 21/21 MP: 4/4
   949 | D:2      | Reached skill level 6 in Bows
   969 | D:2      | Reached XP level 4. HP: 26/26 MP: 5/5
   992 | D:2      | magus.rc [v1.9.6]
   992 | D:2      | magus.rc [v1.9.6]
  1025 | D:2      | Noticed Natasha
  1027 | D:2      | Killed Natasha
  1401 | D:2      | Found a runed translucent door.
  1402 | D:2      | Noticed Crazy Yiuf
  1608 | D:2      | Noticed Natasha
  1610 | D:2      | Killed Natasha
  1611 | D:2      | Gained mutation: Your magical nature lets you fly swiftly
                  | and evasively. [Tengu growth]
  1611 | D:2      | Reached XP level 5. HP: 30/30 MP: 6/6
  1695 | D:2      | Noticed Natasha
  1704 | D:2      | Killed Natasha
  1705 | D:2      | Reached skill level 7 in Bows
  1956 | D:3      | Found Moachosa's Armour Emporium.
  2106 | D:3      | Found a runed translucent door.
  2112 | D:3      | Noticed SirDiesAlot's ghost (amateur SpEE)
  2486 | D:4      | Noticed a phantom
  2497 | D:4      | Reached XP level 6. HP: 35/35 MP: 7/7
  2509 | D:4      | HP: 6/35 [phantom (4)]
  2512 | D:4      | Reached skill level 8 in Bows
  2708 | D:4      | Killed from afar by an orc wizard

Vanquished Creatures
  A phantom (D:4)
  An orc priest (D:4)
  An orc wizard (D:4)
  Natasha (thrice) (D:2)
  3 adders (D:2)
  A worm (D:2)
  2 dart slugs (D:1)
  10 orcs
  6 bats
  7 endoplasms
  4 giant cockroaches (D:2)
  A goblin (D:4)
  4 hobgoblins
  5 quokkas
  11 ball pythons
  4 frilled lizards
  3 kobolds
  8 rats
  A spectral hobgoblin (D:1)
76 creatures vanquished.

Table legend:
 A = Non-vault XP
 B = Vault XP
 C = Vault XP percentage of total XP
 D = Non-vault monster count
 E = Vault monster count
 F = Vault count percentage of total count
                 A         B        C        D         E       F
            +---------+---------+-------+---------+---------+-------
      Total |     415 |      38 |   8.4 |      72 |       4 |   5.3
            +---------+---------+-------+---------+---------+-------
        D:1 |      41 |       1 |   2.4 |      24 |       1 |   4.0
        D:2 |     135 |      37 |  21.5 |      19 |       3 |  13.6
        D:3 |      30 |       0 |   0.0 |      16 |       0 |   0.0
        D:4 |     209 |       0 |   0.0 |      13 |       0 |   0.0
            +---------+---------+-------+---------+---------+-------

Illustrated notes

Table legend:
 A = Kills in this place as a percentage of kills in entire the game.
 B = Kills by you in this place as a percentage of kills by you in the entire game.
 C = Kills by friends in this place as a percentage of kills by friends in the entire game.
 D = Other kills in this place as a percentage of other kills in the entire game.
 E = Experience gained in this place as a percentage of experience gained in the entire game.
 F = Experience gained in this place divided by the number of levels of this place that you have seen.
                   A       B       C       D       E      F
               +-------+-------+-------+-------+-------+----------------------
         Total | 100.0 | 100.0 |   N/A |   N/A | 100.0 | 113.2
       Dungeon | 100.0 | 100.0 |   N/A |   N/A | 100.0 | 113.2
               +-------+-------+-------+-------+-------+----------------------

Table legend: (Time is in decaauts)
 A = Elapsed time spent in this place.
 B = Non-inter-level travel time spent in this place.
 C = Inter-level travel time spent in this place.
 D = Time resting spent in this place.
 E = Time spent auto-exploring this place.
 F = Levels seen in this place.
 G = Mean time per level.
                   A        B        C        D        E       F      G
               +--------+--------+--------+--------+--------+-----+--------+
         Total |   2674 |   2491 |    183 |    145 |   2003 |   4 |  668.5 |
       Dungeon |   2674 |   2491 |    183 |    145 |   2003 |   4 |  668.5 |
               +--------+--------+--------+--------+--------+-----+--------+

Top non-repeatable levels by time:
     D:2: 1080 daAuts
     D:1: 802 daAuts
     D:3: 540 daAuts
     D:4: 251 daAuts
